 Dungeon Crawl Stone Soup version 0.25-a0-786-g5b70d41e48 (webtiles) character file.

Game seed: 9946985089335803784, levelgen mode: deterministic

9 Fukker the Skirmisher (level 2, 23/27 HPs)
             Began as a Demonspawn Wanderer on Apr 18, 2020.
             Quit the game on level 1 of the Dungeon.
             The game lasted 00:00:54 (167 turns).

Fukker the Skirmisher (Demonspawn Wanderer)          Turns: 167, Time: 00:00:55

Health: 23/27      AC:  8    Str: 10    XL:     2   Next: 6%
Magic:  2/2        EV:  8    Int: 17    God:
Gold:   10         SH:  0    Dex: 10    Spells: 1/1 levels left

rFire    . . .     SeeInvis +   a - +0 mace
rCold    . . .     Gourm    .   (no shield)
rNeg     . . .     Faith    .   b - +2 scale mail
rPois    .         Spirit   .   (no helmet)
rElec    .         Reflect  .   (no cloak)
rCorr    .         Harm     .   (no gloves)
MR       .....     Rnd*Tele +   (no boots)
Stlth    ..........             (no amulet)
HPRegen  0.09/turn              g - ring of teleportation (curse)
MPRegen  0.08/turn              i - ring of see invisible

@: no status effects
A: sanguine armour 1
a: no special abilities


You were on level 1 of the Dungeon.
You were not hungry.

You visited 1 branch of the dungeon, and saw 1 of its levels.

You collected 10 gold pieces.

Inventory:

Hand Weapons
 a - a +0 mace (weapon)
Armour
 b - a +2 scale mail (worn)
Jewellery
 g - a cursed ring of teleportation (left hand)
 i - a ring of see invisible (right hand)
Wands
 c - a wand of random effects (15)
Scrolls
 e - a scroll of fog {unknown}
 f - a scroll of remove curse {unknown}
 h - a scroll of identify {unknown}
Comestibles
 d - a ration


   Skills:
 - Level 5.0 Fighting
 + Level 1.5 Maces & Flails
   Level 1.0 Bows
 - Level 1.7 Armour
 - Level 1.0 Stealth
 - Level 1.0 Evocations


You had one spell level left.
You didn't know any spells.
Your spell library was empty.

Dungeon Overview and Level Annotations

Branches:
Dungeon (1/15)

Altars:


Innate Abilities, Weirdness & Mutations

When seriously injured, your bleeding wounds create armour. (AC +0)


Message History

No target in view!
No target in view!
i - a knobbly cabochon ring
i - a ring of see invisible (right hand)
A dart slug comes into view.
The dart slug launches a dart at you. The slug dart hits you.
A kobold comes into view. It is wielding a +0 short sword.
You hit the dart slug.
The dart slug is lightly wounded.
The dart slug bites you but does no damage.
You hit the dart slug.
The dart slug is heavily wounded.
The dart slug bites you.
You sock the dart slug!
You kill the dart slug!
You have reached level 2!
Your demonic ancestry asserts itself...
You feel your blood ready itself to protect you.
Are you sure you want to abandon this character and quit the game? (Confirm with "yes".)

......§○§§......).##.###.#
.....§§○........°☼...# #.#
....................## #.#
#.#####...)#..####..# #.# #
....................# #.#
.# .#########....###...#
#.# .. #.. #....#...#...#
..##.# #.#..###.....#
.....# #.#..@..###..###
.....# # #.K..........# .
...>.# #.###.###..#.##..
#..# #.###..##........ #..#
#.............#.# ##.#
#....##....#.....
#[#########K##.##...#####..
#...................#### .
##.........#...[.......#


You could see a kobold.

Vanquished Creatures
  A dart slug (D:1)
  A ball python (D:1)
  2 goblins (D:1)
  A hobgoblin (D:1)
  A frilled lizard (D:1)
  A rat (D:1)
7 creatures vanquished.

Notes
Turn   | Place    | Note
-------+----------+-------------------------------------------
     0 | D:1      | Fukker the Demonspawn Wanderer began the quest for the Orb.
     0 | D:1      | Fukker set off with the following items: a +0 mace, a +2
                  | scale mail, a wand of random effects (15), a ration
     0 | D:1      | Reached XP level 1. HP: 21/21 MP: 1/1
   125 | D:1      | Reached skill level 1 in Maces & Flails
   166 | D:1      | Gained mutation: When seriously injured, your bleeding
                  | wounds create armour. (AC +0) [demonic ancestry]
   166 | D:1      | Reached XP level 2. HP: 23/27 MP: 2/2
   167 | D:1      | Quit the game

Levels and vault maps discovered:
D:1:      heliophobic_arrival_enchanted_forest, layout_rooms, minivault_27,
          kennysheep_minor_cross, minmay_misc_feat_room, serial_bayou_lake_a

Skill      XL: |  1 |
---------------+----+-----
Maces & Flails | 1 |  1.5
Fighting       | |  5.0
Bows           | |  1.0
Armour         | |  1.7
Stealth        | |  1.0
Evocations     | |  1.0

Action                   || total
-------------------------++-------
Melee: Mace              ||    13
Armor: Scale mail        ||     6
Dodge: Dodged            ||     2

Table legend:
 A = Non-vault XP
 B = Vault XP
 C = Vault XP percentage of total XP
 D = Non-vault monster count
 E = Vault monster count
 F = Vault count percentage of total count
                 A         B        C        D         E       F
            +---------+---------+-------+---------+---------+-------
      Total |      14 |       0 |   0.0 |       7 |       0 |   0.0
            +---------+---------+-------+---------+---------+-------
        D:1 |      14 |       0 |   0.0 |       7 |       0 |   0.0
            +---------+---------+-------+---------+---------+-------
